Predators vs BlackHawks

Created - January-16-15 at 17:41

Goals
1 2 3 T
Predators 1 1 0 2
BlackHawks 3 2 0 5
Shots
1 2 3 T
Predators 14 9 22 45
BlackHawks 15 14 6 35

1st period

1. Predators , Anton Stralman 6 (Artem Anisimov, Steven Stamkos) at 2:06 (PP)
2. BlackHawks , Alex Galchenyuk 16 (Dion Phaneuf, Lars Eller) at 5:18
3. BlackHawks , Alex Galchenyuk 17 (Dion Phaneuf, Jarred Tinordi) at 6:53
4. BlackHawks , Lars Eller 5 (Dwight King, Dion Phaneuf) at 19:22 (PP)

Penalties :
Brandon Bollig (CHI) for Hooking (Minor) at 1:33, Luke Schenn (CHI) for Hooking (Minor) at 2:49, Cody Franson (NSH) for Hooking (Minor) at 8:12, Jordie Benn (NSH) for Hooking (Minor) at 12:06, Douglas Murray (CHI) for Interference (Minor) at 14:43, Steven Stamkos (NSH) for Interference (Minor) at 19:14, Zbynek Michalek (NSH) for Tripping (Minor) at 19:25

2nd period

5. BlackHawks , Douglas Murray 4 (Lars Eller, Alexei Emelin) at 0:52 (PP)
6. Predators , Steven Stamkos 24 (T.J. Oshie, Zbynek Michalek) at 2:52
7. BlackHawks , Alexei Emelin 5 (Lars Eller) at 5:38 (PP)

Penalties :
Cody Franson (NSH) for Tripping (Minor) at 4:24, Jarred Tinordi (CHI) for Roughing (Minor) at 9:38, Jared Boll (CHI) for Hooking (Minor) at 14:32, Dion Phaneuf (CHI) for Hooking (Minor) at 16:47

3rd period

No Goal

Penalties :
Anton Khudobin (NSH) for Slashing (Minor) at 1:20 - Jordie Benn served the penalty., Luke Schenn (CHI) for Boarding (Minor) at 3:31, Dion Phaneuf (CHI) for Delaying the game (Minor) at 4:42, Dion Phaneuf (CHI) for Cross-checking (Minor) at 13:49, Brandon Bollig (CHI) for Holding (Minor) at 15:13, Lars Eller (CHI) for Holding (Minor) at 16:53

Goalie Stats

Anton Khudobin (NSH), 17 saves from 18 shots - (0.944), 39:08 minutes
Carter Hutton (NSH), 13 saves from 17 shots - (0.765), L, 7-5-0, 20:52 minutes
Eddie Lack (CHI), 43 saves from 45 shots - (0.956), W, 10-12-2, 60:00 minutes

Players Stats for Predators

Player Name              G  A  P  +/- PIM S  H  SB GA TA FO     MP     PP MP  PK MP  
------------------------------------------------------------------------------------
Anton Stralman           1  0  1  -1  0   2  0  0  0  0  0/0    17:11   8:48   0:10 
Artem Anisimov           0  1  1   0  0   1  1  0  0  0  4/5    21:08   8:48   2:47 
Brandon Prust            0  0  0   0  0   0  0  1  0  0  0/1     6:10   0:00   2:47 
Casey Cizikas            0  0  0  -1  0   0  3  0  0  0  17/31  13:41   0:00   5:45 
Cody Franson             0  0  0   0  4   0  2  0  0  0  0/0    15:49   0:00   2:31 
Derick Brassard          0  0  0  -1  0   2  0  0  0  0  0/1     8:03   0:07   0:00 
Jaden Schwartz           0  0  0   0  0   3  0  0  0  0  0/3    20:08   8:27   0:00 
Jordie Benn              0  0  0  -1  2   2  2  1  0  0  0/0    11:44   0:07   3:25 
Justin Abdelkader        0  0  0   0  0   3  0  0  0  0  1/1     3:37   0:00   0:14 
Max Pacioretty           0  0  0   0  0   3  1  1  0  0  1/2    20:57   9:16   0:00 
Nicklas Backstrom        0  0  0   0  0   2  0  0  0  0  19/30  20:57   9:16   0:00 
Patrik Berglund          0  0  0   0  0   0  0  0  0  0  1/2     3:23   0:00   0:00 
Roman Josi               0  0  0   0  0   6  0  1  0  0  0/0    25:32   9:53   3:08 
Steven Stamkos           1  1  2   0  2   8  1  1  0  0  12/21  19:39  10:07   0:00 
T.J. Oshie               0  1  1   0  0   4  2  0  0  0  1/2    24:57   9:25   5:59 
Valtteri Filppula        0  0  0  -1  0   5  2  0  0  0  9/16   17:21   9:25   0:00 
Zach Bogosian            0  0  0   0  0   4  0  1  0  0  0/0    25:13   9:46   4:27 
Zbynek Michalek          0  1  1   0  2   0  0  1  0  0  0/0    15:39   0:00   3:51 

Players Stats for BlackHawks

Player Name              G  A  P  +/- PIM S  H  SB GA TA FO     MP     PP MP  PK MP  
------------------------------------------------------------------------------------
Alex Galchenyuk          2  0  2   2  0   5  0  0  0  0  4/8    18:02   3:51   2:51 
Alexei Emelin            1  1  2   0  0   2  1  0  0  0  0/1    15:35   2:59   2:25 
Brandon Bollig           0  0  0   0  4   0  2  1  0  0  1/2    17:13   4:02   8:23 
Brian McGrattan          0  0  0  -1  0   0  1  1  0  0  1/1    15:48   4:44   0:00 
Chris Stewart            0  0  0   2  0   1  2  0  0  0  2/3    15:11   3:51   0:00 
David Clarkson           0  0  0   0  0   1  4  0  0  0  2/8     5:31   0:11   0:00 
Dion Phaneuf             0  3  3   2  6   4  7  5  0  0  0/0    25:57   5:47   6:54 
Douglas Murray           1  0  1  -1  2   5  1  3  0  0  0/0    19:39   2:59   7:59 
Dwight King              0  1  1   0  0   2  0  0  0  0  0/0    17:26   4:44   7:22 
Jared Boll               0  0  0   0  2   0  1  0  0  0  0/3     5:19   0:00   0:00 
Jarred Tinordi           0  1  1   2  2   5  0  2  0  0  0/0    24:33   5:47   5:07 
Lars Eller               1  3  4   2  2   3  1  0  0  0  17/41  22:13   4:19   6:34 
Luke Schenn              0  0  0   0  4   0  2  0  0  0  0/0    17:00   0:00   6:51 
Matt Greene              0  0  0  -1  0   1  4  4  0  0  0/0    17:52   0:00   8:48 
Nathan Horton            0  0  0  -1  0   4  0  0  0  0  9/16   11:04   0:00   0:00 
Patrick Bordeleau        0  0  0  -1  0   1  3  0  0  0  0/0    11:04   0:00   0:00 
Rene Bourque             0  0  0   0  0   1  0  0  0  0  0/0     4:49   0:00   0:00 
Zack Smith               0  0  0   0  0   0  4  2  0  0  14/32  15:10   0:36   9:45 

3 Stars

1 - Lars Eller (CHI)
2 - Alex Galchenyuk (CHI)
3 - Dion Phaneuf (CHI)

Power Play

Predators - 1 on 11 Attempt(s) - 9.09%
BlackHawks - 3 on 6 Attempt(s) - 50.00%

Penalty Kill

Predators - 3 on 6 Attempt(s) - 50.00% - Score 0 goal in Penalty Kill
BlackHawks - 10 on 11 Attempt(s) - 90.91% - Score 0 goal in Penalty Kill

Team Stat

Predators - Hits : 14 - Faceoff Wins : 65 - Blocked Shots : 7 - Penalty Minutes : 10
BlackHawks - Hits : 33 - Faceoff Wins : 50 - Blocked Shots : 18 - Penalty Minutes : 22

Official

Referees : TJ Luxmore and Dennis LaRue
Linesman : Mark Shewchyk and Brian Mach

Game Notes

Anton Khudobin enters game at 0:52 of 2nd period

Finance

Level 1 -- Attendance: 4233 (65.12%) -- Ticket Income $550,290
Level 2 -- Attendance: 3044 (60.88%) -- Ticket Income $304,400
Level 3 -- Attendance: 2147 (61.34%) -- Ticket Income $150,290
Level 4 -- Attendance: 2477 (55.04%) -- Ticket Income $86,695
Luxury Box -- Attendance: 668 (66.80%) -- Ticket Income $167,000
Game was played at the United Center'
Total Attendance: 12569 (61.31%)
Total Ticket Income: $1,258,675
Other Income: $188,801
Total Income: $1,447,476

% Time on Ice - Predators

Lines # - Real PCT - Wanted PCT - Time Play
Normal Forward
1 - 36% - 34% - 11:41
2 - 29% - 31% - 9:33
3 - 24% - 27% - 7:56
4 - 10% - 8% - 3:23
Normal Defense
1 - 35% - 33% - 11:28
2 - 36% - 32% - 11:49
3 - 25% - 25% - 8:13
4 - 3% - 10% - 1:03
PP Forward
1 - 50% - 64% - 9:16
2 - 50% - 36% - 9:25
PP Defense
1 - 53% - 60% - 9:53
2 - 47% - 40% - 8:48
PK Forward
1 - 68% - 60% - 5:59
2 - 32% - 40% - 2:47
PK Defense
1 - 57% - 60% - 4:58
2 - 43% - 40% - 3:48
PK3 Forward
1 - 0% - 60%
2 - 0% - 40%
PK3 Defense
1 - 0% - 60%
2 - 0% - 40%
44 Forward
1 - 0% - 60%
2 - 0% - 40%
44 Defense
1 - 0% - 60%
2 - 0% - 40%
Last Minute Offensive  - 0:00
Last Minute Defensive  - 0:00
Total
Forward - 60:00
Defense - 60:00

% Time on Ice - BlackHawks

Lines # - Real PCT - Wanted PCT - Time Play
Normal Forward
1 - 35% - 32% - 11:20
2 - 34% - 28% - 11:04
3 - 15% - 20% - 4:49
4 - 16% - 20% - 5:20
Normal Defense
1 - 41% - 40% - 13:18
2 - 31% - 32% - 10:11
3 - 27% - 28% - 8:42
4 - 1% - 0% - 0:22
PP Forward
1 - 46% - 55% - 4:02
2 - 54% - 45% - 4:44
PP Defense
1 - 66% - 60% - 5:47
2 - 34% - 40% - 2:59
PK Forward
1 - 57% - 55% - 9:37
2 - 43% - 45% - 7:22
PK Defense
1 - 52% - 55% - 8:47
2 - 48% - 45% - 8:12
PK3 Forward
1 - 53% - 50% - 0:54
2 - 47% - 50% - 0:48
PK3 Defense
1 - 44% - 55% - 0:45
2 - 56% - 45% - 0:57
44 Forward
1 - 0% - 55%
2 - 0% - 45%
44 Defense
1 - 0% - 55%
2 - 0% - 45%
Last Minute Offensive  - 0:00
Last Minute Defensive  - 0:00
Total
Forward - 60:00
Defense - 60:00

Play by Play

1st period


0:01 of 1st period - Nicklas Backstrom wins face-off versus Lars Eller in neutral zone.
0:24 of 1st period - Shot by Lars Eller.
0:24 of 1st period - Shot Blocked by Max Pacioretty.
0:26 of 1st period - Shot by Chris Stewart.
0:26 of 1st period - Shot Blocked by Roman Josi.
0:28 of 1st period - Shot by Dion Phaneuf.
0:28 of 1st period - Shot Misses the Net.
1:30 of 1st period - Shot by Patrick Bordeleau.
1:30 of 1st period - Stopped by Carter Hutton without a rebound.
1:31 of 1st period - Zack Smith wins face-off versus Steven Stamkos in Predators zone.
1:33 of 1st period - Minor Penalty to Brandon Bollig for Hooking.
1:34 of 1st period - Valtteri Filppula wins face-off versus Zack Smith in BlackHawks zone.
1:41 of 1st period - Shot by Steven Stamkos.
1:41 of 1st period - Stopped by Eddie Lack without a rebound.
1:42 of 1st period - Valtteri Filppula wins face-off versus Zack Smith in BlackHawks zone.
2:00 of 1st period - Shot by T.J. Oshie.
2:00 of 1st period - Shot Misses the Net.
2:02 of 1st period - Shot by Steven Stamkos.
2:02 of 1st period - Shot Misses the Net.
2:04 of 1st period - Shot by Artem Anisimov.
2:04 of 1st period - Shot Blocked by Douglas Murray.
2:06 of 1st period - Shot by Anton Stralman.
2:06 of 1st period - Goal by Anton Stralman - Predators : 1 - BlackHawks : 0.
2:07 of 1st period - Justin Abdelkader wins face-off versus David Clarkson in neutral zone.
2:07 of 1st period - Zach Bogosian is hit by Jared Boll and loses puck.
2:28 of 1st period - Shot by Dwight King.
2:28 of 1st period - Stopped by Carter Hutton without a rebound.
2:29 of 1st period - Steven Stamkos wins face-off versus Zack Smith in Predators zone.
2:49 of 1st period - Minor Penalty to Luke Schenn for Hooking.
2:50 of 1st period - Nicklas Backstrom wins face-off versus Lars Eller in BlackHawks zone.
2:51 of 1st period - Shot by Roman Josi.
2:51 of 1st period - Shot Misses the Net.
2:59 of 1st period - Shot by Steven Stamkos.
2:59 of 1st period - Shot Misses the Net.
3:10 of 1st period - Icing by Steven Stamkos.
3:11 of 1st period - Zack Smith wins face-off versus Nicklas Backstrom in Predators zone.
3:29 of 1st period - Dion Phaneuf is hit by Steven Stamkos and loses puck.
3:38 of 1st period - Shot by Roman Josi.
3:38 of 1st period - Shot Misses the Net.
4:17 of 1st period - Shot by Jaden Schwartz.
4:17 of 1st period - Stopped by Eddie Lack without a rebound.
4:18 of 1st period - Zack Smith wins face-off versus Valtteri Filppula in BlackHawks zone.
4:18 of 1st period - Zack Smith is hit by Valtteri Filppula.
4:36 of 1st period - Shot by Zach Bogosian.
4:36 of 1st period - Shot Misses the Net.
4:38 of 1st period - Shot by Roman Josi.
4:38 of 1st period - Shot Misses the Net.
4:40 of 1st period - Shot by Jaden Schwartz.
4:40 of 1st period - Deflect By T.J. Oshie.
4:40 of 1st period - Stopped by Eddie Lack with a rebound.
4:42 of 1st period - Shot by Zach Bogosian.
4:42 of 1st period - Stopped by Eddie Lack without a rebound.
4:43 of 1st period - Lars Eller wins face-off versus Nicklas Backstrom in BlackHawks zone.
5:04 of 1st period - Shot by Jordie Benn.
5:04 of 1st period - Stopped by Eddie Lack with a rebound.
5:06 of 1st period - Shot by Justin Abdelkader.
5:06 of 1st period - Stopped by Eddie Lack without a rebound.
5:07 of 1st period - Lars Eller wins face-off versus Valtteri Filppula in BlackHawks zone.
5:18 of 1st period - Shot by Alex Galchenyuk.
5:18 of 1st period - Goal by Alex Galchenyuk - Predators : 1 - BlackHawks : 1.
5:19 of 1st period - Steven Stamkos wins face-off versus David Clarkson in neutral zone.
5:28 of 1st period - Shot by Steven Stamkos.
5:28 of 1st period - Stopped by Eddie Lack without a rebound.
5:29 of 1st period - Casey Cizikas wins face-off versus Zack Smith in BlackHawks zone.
5:29 of 1st period - Cody Franson is hit by Matt Greene and loses puck.
5:35 of 1st period - Off-side.
5:36 of 1st period - Casey Cizikas wins face-off versus Nathan Horton in neutral zone.
6:25 of 1st period - Off-side.
6:26 of 1st period - Lars Eller wins face-off versus Steven Stamkos in neutral zone.
6:28 of 1st period - Off-side.
6:29 of 1st period - Steven Stamkos wins face-off versus Lars Eller in neutral zone.
6:36 of 1st period - Dion Phaneuf is hit by Jordie Benn and loses puck.
6:49 of 1st period - Shot by Alex Galchenyuk.
6:49 of 1st period - Shot Blocked by Steven Stamkos.
6:51 of 1st period - Shot by Dion Phaneuf.
6:51 of 1st period - Stopped by Carter Hutton with a rebound.
6:53 of 1st period - Shot by Alex Galchenyuk.
6:53 of 1st period - Goal by Alex Galchenyuk - Predators : 1 - BlackHawks : 2.
6:54 of 1st period - Nicklas Backstrom wins face-off versus Zack Smith in neutral zone.
7:26 of 1st period - Roman Josi is hit by Alexei Emelin and loses puck.
7:32 of 1st period - Alexei Emelin is hit by Cody Franson and loses puck.
8:12 of 1st period - Minor Penalty to Cody Franson for Hooking.
8:13 of 1st period - Casey Cizikas wins face-off versus Alex Galchenyuk in Predators zone.
8:41 of 1st period - Shot by Brandon Bollig.
8:41 of 1st period - Shot Misses the Net.
8:43 of 1st period - Shot by Douglas Murray.
8:43 of 1st period - Shot Blocked by Zbynek Michalek.
9:07 of 1st period - Shot by Jarred Tinordi.
9:07 of 1st period - Stopped by Carter Hutton without a rebound.
9:08 of 1st period - Brian McGrattan wins face-off versus Casey Cizikas in Predators zone.
9:17 of 1st period - Shot by Jarred Tinordi.
9:17 of 1st period - Stopped by Carter Hutton without a rebound.
9:18 of 1st period - Lars Eller wins face-off versus Casey Cizikas in Predators zone.
9:25 of 1st period - Shot by Lars Eller.
9:25 of 1st period - Stopped by Carter Hutton without a rebound.
9:26 of 1st period - Brandon Bollig wins face-off versus Casey Cizikas in Predators zone.
9:29 of 1st period - Shot by Alex Galchenyuk.
9:29 of 1st period - Shot Blocked by Zach Bogosian.
9:31 of 1st period - Shot by Douglas Murray.
9:31 of 1st period - Stopped by Carter Hutton with a rebound.
9:33 of 1st period - Shot by Douglas Murray.
9:33 of 1st period - Stopped by Carter Hutton without a rebound.
9:34 of 1st period - Lars Eller wins face-off versus Casey Cizikas in Predators zone.
9:46 of 1st period - Lars Eller is hit by Jordie Benn and loses puck.
9:53 of 1st period - T.J. Oshie is hit by Brian McGrattan and loses puck.
10:42 of 1st period - Nicklas Backstrom is hit by Matt Greene and loses puck.
10:46 of 1st period - Max Pacioretty is hit by Matt Greene and loses puck.
11:47 of 1st period - Shot by Brandon Prust.
11:47 of 1st period - Shot Misses the Net.
12:06 of 1st period - Minor Penalty to Jordie Benn for Hooking.
12:07 of 1st period - Casey Cizikas wins face-off versus Zack Smith in Predators zone.
12:07 of 1st period - Casey Cizikas is hit by Zack Smith.
12:16 of 1st period - Icing by Dion Phaneuf.
12:17 of 1st period - Casey Cizikas wins face-off versus Zack Smith in BlackHawks zone.
12:17 of 1st period - Zach Bogosian is hit by Dion Phaneuf.
12:29 of 1st period - Shot by Jarred Tinordi.
12:29 of 1st period - Shot Misses the Net.
12:31 of 1st period - Shot by Jarred Tinordi.
12:31 of 1st period - Stopped by Carter Hutton without a rebound.
12:32 of 1st period - Alex Galchenyuk wins face-off versus Casey Cizikas in Predators zone.
12:37 of 1st period - Shot by Jarred Tinordi.
12:37 of 1st period - Stopped by Carter Hutton with a rebound.
12:57 of 1st period - Shot by Chris Stewart.
12:57 of 1st period - Shot Misses the Net.
13:44 of 1st period - Shot by Brian McGrattan.
13:44 of 1st period - Shot Misses the Net.
14:10 of 1st period - Shot by Nathan Horton.
14:10 of 1st period - Stopped by Carter Hutton without a rebound.
14:11 of 1st period - Nicklas Backstrom wins face-off versus Jared Boll in Predators zone.
14:11 of 1st period - Nicklas Backstrom is hit by David Clarkson.
14:43 of 1st period - Minor Penalty to Douglas Murray for Interference.
14:44 of 1st period - Valtteri Filppula wins face-off versus Zack Smith in BlackHawks zone.
15:48 of 1st period - Shot by Artem Anisimov.
15:48 of 1st period - Shot Misses the Net.
15:54 of 1st period - Shot by Steven Stamkos.
15:54 of 1st period - Stopped by Eddie Lack with a rebound.
15:56 of 1st period - Shot by Artem Anisimov.
15:56 of 1st period - Stopped by Eddie Lack without a rebound.
15:57 of 1st period - Nicklas Backstrom wins face-off versus Lars Eller in BlackHawks zone.
16:00 of 1st period - Shot by Artem Anisimov.
16:00 of 1st period - Shot Misses the Net.
16:06 of 1st period - Shot by Anton Stralman.
16:06 of 1st period - Shot Blocked by Jarred Tinordi.
16:36 of 1st period - Shot by Jaden Schwartz.
16:36 of 1st period - Stopped by Eddie Lack without a rebound.
16:37 of 1st period - Valtteri Filppula wins face-off versus Zack Smith in BlackHawks zone.
16:44 of 1st period - Shot by Valtteri Filppula.
16:44 of 1st period - Stopped by Eddie Lack without a rebound.
16:45 of 1st period - Nathan Horton wins face-off versus Casey Cizikas in BlackHawks zone.
16:49 of 1st period - Off-side.
16:50 of 1st period - Nathan Horton wins face-off versus Casey Cizikas in neutral zone.
17:01 of 1st period - Shot by Derick Brassard.
17:01 of 1st period - Shot Misses the Net.
17:03 of 1st period - Shot by Roman Josi.
17:03 of 1st period - Stopped by Eddie Lack without a rebound.
17:04 of 1st period - Steven Stamkos wins face-off versus Lars Eller in BlackHawks zone.
17:20 of 1st period - Icing by Zbynek Michalek.
17:21 of 1st period - Nathan Horton wins face-off versus Steven Stamkos in Predators zone.
17:48 of 1st period - Icing by Dion Phaneuf.
17:49 of 1st period - Casey Cizikas wins face-off versus Nathan Horton in BlackHawks zone.
17:52 of 1st period - Shot by Valtteri Filppula.
17:52 of 1st period - Stopped by Eddie Lack without a rebound.
17:53 of 1st period - Chris Stewart wins face-off versus Derick Brassard in BlackHawks zone.
18:10 of 1st period - Shot by Chris Stewart.
18:10 of 1st period - Stopped by Carter Hutton with a rebound.
18:12 of 1st period - Shot by Luke Schenn.
18:12 of 1st period - Shot Misses the Net.
19:14 of 1st period - Minor Penalty to Steven Stamkos for Interference.
19:15 of 1st period - Lars Eller wins face-off versus Artem Anisimov in Predators zone.
19:22 of 1st period - Shot by Lars Eller.
19:22 of 1st period - Goal by Lars Eller - Predators : 1 - BlackHawks : 3.
19:23 of 1st period - David Clarkson wins face-off versus Steven Stamkos in neutral zone.
19:25 of 1st period - Minor Penalty to Zbynek Michalek for Tripping.
19:26 of 1st period - Casey Cizikas wins face-off versus Lars Eller in Predators zone.
19:57 of 1st period - Shot by Dion Phaneuf.
19:57 of 1st period - Shot Misses the Net.
Goals for this period are 1 for Predators vs 3 for BlackHawks.
Shots for this period are 14 for Predators vs 15 for BlackHawks.

2nd period


0:01 of 2nd period - Chris Stewart wins face-off versus T.J. Oshie in neutral zone.
0:10 of 2nd period - Shot by Jarred Tinordi.
0:10 of 2nd period - Shot Misses the Net.
0:24 of 2nd period - Shot by Dion Phaneuf.
0:24 of 2nd period - Shot Misses the Net.
0:32 of 2nd period - Shot by Alex Galchenyuk.
0:32 of 2nd period - Stopped by Carter Hutton without a rebound.
0:33 of 2nd period - Casey Cizikas wins face-off versus Lars Eller in Predators zone.
0:50 of 2nd period - Shot by Alexei Emelin.
0:50 of 2nd period - Deflect By Lars Eller.
0:50 of 2nd period - Shot Blocked by Brandon Prust.
0:52 of 2nd period - Shot by Douglas Murray.
0:52 of 2nd period - Goal by Douglas Murray - Predators : 1 - BlackHawks : 4.
0:52 of 2nd period - Anton Khudobin enters game.
0:53 of 2nd period - Nicklas Backstrom wins face-off versus Zack Smith in neutral zone.
0:53 of 2nd period - Nicklas Backstrom is hit by Zack Smith.
0:59 of 2nd period - Shot by Max Pacioretty.
0:59 of 2nd period - Shot Blocked by Dion Phaneuf.
1:01 of 2nd period - Shot by Nicklas Backstrom.
1:01 of 2nd period - Shot Misses the Net.
1:25 of 2nd period - Dion Phaneuf is hit by Max Pacioretty and loses puck.
1:43 of 2nd period - Icing by Dion Phaneuf.
1:44 of 2nd period - Zack Smith wins face-off versus Steven Stamkos in BlackHawks zone.
1:56 of 2nd period - Steven Stamkos is hit by Patrick Bordeleau and loses puck.
2:12 of 2nd period - Shot by Steven Stamkos.
2:12 of 2nd period - Stopped by Eddie Lack without a rebound.
2:13 of 2nd period - Casey Cizikas wins face-off versus Lars Eller in BlackHawks zone.
2:16 of 2nd period - Shot by Valtteri Filppula.
2:16 of 2nd period - Shot Misses the Net.
2:30 of 2nd period - Shot by Derick Brassard.
2:30 of 2nd period - Stopped by Eddie Lack without a rebound.
2:31 of 2nd period - Artem Anisimov wins face-off versus Nathan Horton in BlackHawks zone.
2:32 of 2nd period - Shot by Steven Stamkos.
2:32 of 2nd period - Shot Blocked by Douglas Murray.
2:34 of 2nd period - Shot by Zach Bogosian.
2:34 of 2nd period - Shot Blocked by Matt Greene.
2:36 of 2nd period - Shot by Artem Anisimov.
2:36 of 2nd period - Shot Misses the Net.
2:50 of 2nd period - Shot by T.J. Oshie.
2:50 of 2nd period - Shot Blocked by Matt Greene.
2:52 of 2nd period - Shot by Steven Stamkos.
2:52 of 2nd period - Goal by Steven Stamkos - Predators : 2 - BlackHawks : 4.
2:53 of 2nd period - Lars Eller wins face-off versus Casey Cizikas in neutral zone.
3:00 of 2nd period - Shot by Alex Galchenyuk.
3:00 of 2nd period - Stopped by Anton Khudobin with a rebound.
3:10 of 2nd period - Shot by Valtteri Filppula.
3:10 of 2nd period - Stopped by Eddie Lack without a rebound.
3:11 of 2nd period - David Clarkson wins face-off versus Steven Stamkos in BlackHawks zone.
3:22 of 2nd period - Shot by Dion Phaneuf.
3:22 of 2nd period - Stopped by Anton Khudobin without a rebound.
3:23 of 2nd period - Lars Eller wins face-off versus Casey Cizikas in Predators zone.
3:24 of 2nd period - Shot by Matt Greene.
3:24 of 2nd period - Stopped by Anton Khudobin without a rebound.
3:25 of 2nd period - Lars Eller wins face-off versus Steven Stamkos in Predators zone.
3:36 of 2nd period - Shot by Alex Galchenyuk.
3:36 of 2nd period - Deflect By Lars Eller.
3:36 of 2nd period - Shot Misses the Net.
3:46 of 2nd period - Shot by Steven Stamkos.
3:46 of 2nd period - Stopped by Eddie Lack without a rebound.
3:47 of 2nd period - Nathan Horton wins face-off versus Casey Cizikas in BlackHawks zone.
3:47 of 2nd period - Nathan Horton is hit by Casey Cizikas.
3:57 of 2nd period - Shot by Derick Brassard.
3:57 of 2nd period - Deflect By Valtteri Filppula.
3:57 of 2nd period - Stopped by Eddie Lack without a rebound.
3:58 of 2nd period - Steven Stamkos wins face-off versus David Clarkson in BlackHawks zone.
4:17 of 2nd period - Shot by David Clarkson.
4:17 of 2nd period - Stopped by Anton Khudobin without a rebound.
4:18 of 2nd period - Nathan Horton wins face-off versus Nicklas Backstrom in Predators zone.
4:24 of 2nd period - Minor Penalty to Cody Franson for Tripping.
4:25 of 2nd period - Alex Galchenyuk wins face-off versus Casey Cizikas in Predators zone.
4:50 of 2nd period - Icing by Jarred Tinordi.
4:51 of 2nd period - Alex Galchenyuk wins face-off versus Casey Cizikas in BlackHawks zone.
4:51 of 2nd period - Alex Galchenyuk is hit by Casey Cizikas.
4:56 of 2nd period - Dion Phaneuf is hit by Casey Cizikas and loses puck.
5:30 of 2nd period - Shot by Alexei Emelin.
5:30 of 2nd period - Shot Misses the Net.
5:32 of 2nd period - Shot by Alexei Emelin.
5:32 of 2nd period - Stopped by Anton Khudobin without a rebound.
5:33 of 2nd period - Lars Eller wins face-off versus Brandon Prust in Predators zone.
5:38 of 2nd period - Shot by Alexei Emelin.
5:38 of 2nd period - Goal by Alexei Emelin - Predators : 2 - BlackHawks : 5.
5:39 of 2nd period - Nicklas Backstrom wins face-off versus David Clarkson in neutral zone.
6:15 of 2nd period - Icing by Nicklas Backstrom.
6:16 of 2nd period - Lars Eller wins face-off versus Nicklas Backstrom in Predators zone.
6:16 of 2nd period - Lars Eller is hit by Cody Franson.
6:18 of 2nd period - Shot by Dion Phaneuf.
6:18 of 2nd period - Stopped by Anton Khudobin without a rebound.
6:19 of 2nd period - Steven Stamkos wins face-off versus Lars Eller in Predators zone.
6:24 of 2nd period - Shot by Steven Stamkos.
6:24 of 2nd period - Shot Misses the Net.
6:32 of 2nd period - Shot by Steven Stamkos.
6:32 of 2nd period - Shot Blocked by Dion Phaneuf.
7:41 of 2nd period - Shot by Nathan Horton.
7:41 of 2nd period - Shot Misses the Net.
7:48 of 2nd period - Derick Brassard is hit by Patrick Bordeleau and loses puck.
8:29 of 2nd period - Off-side.
8:30 of 2nd period - Steven Stamkos wins face-off versus David Clarkson in neutral zone.
9:01 of 2nd period - Shot by T.J. Oshie.
9:01 of 2nd period - Shot Misses the Net.
9:37 of 2nd period - Shot by Roman Josi.
9:37 of 2nd period - Shot Blocked by Zack Smith.
9:38 of 2nd period - Minor Penalty to Jarred Tinordi for Roughing.
9:39 of 2nd period - Zack Smith wins face-off versus Nicklas Backstrom in BlackHawks zone.
9:45 of 2nd period - Icing by Roman Josi.
9:46 of 2nd period - Nicklas Backstrom wins face-off versus Zack Smith in Predators zone.
9:46 of 2nd period - Nicklas Backstrom is hit by Zack Smith.
10:13 of 2nd period - Icing by Nicklas Backstrom.
10:14 of 2nd period - Lars Eller wins face-off versus Nicklas Backstrom in Predators zone.
10:53 of 2nd period - Shot by Jaden Schwartz.
10:53 of 2nd period - Stopped by Eddie Lack without a rebound.
10:54 of 2nd period - Zack Smith wins face-off versus Valtteri Filppula in BlackHawks zone.
11:39 of 2nd period - Off-side.
11:40 of 2nd period - Nathan Horton wins face-off versus Patrik Berglund in neutral zone.
11:58 of 2nd period - Icing by Jarred Tinordi.
11:59 of 2nd period - Casey Cizikas wins face-off versus Nathan Horton in BlackHawks zone.
12:16 of 2nd period - Shot by Valtteri Filppula.
12:16 of 2nd period - Shot Blocked by Dion Phaneuf.
12:24 of 2nd period - Shot by Nathan Horton.
12:24 of 2nd period - Stopped by Anton Khudobin without a rebound.
12:25 of 2nd period - Lars Eller wins face-off versus Jaden Schwartz in Predators zone.
12:37 of 2nd period - Icing by Cody Franson.
12:38 of 2nd period - Nicklas Backstrom wins face-off versus Brandon Bollig in Predators zone.
13:12 of 2nd period - Icing by Nicklas Backstrom.
13:13 of 2nd period - Alex Galchenyuk wins face-off versus Nicklas Backstrom in Predators zone.
13:16 of 2nd period - Shot by Jarred Tinordi.
13:16 of 2nd period - Shot Misses the Net.
13:56 of 2nd period - Shot by Chris Stewart.
13:56 of 2nd period - Shot Blocked by Jordie Benn.
14:22 of 2nd period - Shot by Nathan Horton.
14:22 of 2nd period - Stopped by Anton Khudobin without a rebound.
14:23 of 2nd period - Zack Smith wins face-off versus Casey Cizikas in Predators zone.
14:26 of 2nd period - Shot by Rene Bourque.
14:26 of 2nd period - Stopped by Anton Khudobin without a rebound.
14:27 of 2nd period - Casey Cizikas wins face-off versus Jared Boll in Predators zone.
14:27 of 2nd period - Casey Cizikas is hit by David Clarkson.
14:32 of 2nd period - Minor Penalty to Jared Boll for Hooking.
14:33 of 2nd period - Zack Smith wins face-off versus Nicklas Backstrom in BlackHawks zone.
15:53 of 2nd period - Icing by Anton Stralman.
15:54 of 2nd period - Valtteri Filppula wins face-off versus Lars Eller in Predators zone.
15:54 of 2nd period - Valtteri Filppula is hit by Lars Eller.
16:00 of 2nd period - Matt Greene is hit by Valtteri Filppula and loses puck.
16:16 of 2nd period - Icing by Artem Anisimov.
16:17 of 2nd period - Zack Smith wins face-off versus Valtteri Filppula in Predators zone.
16:21 of 2nd period - Zack Smith is hit by Artem Anisimov and loses puck.
16:34 of 2nd period - Shot by Jaden Schwartz.
16:34 of 2nd period - Shot Misses the Net.
16:47 of 2nd period - Minor Penalty to Dion Phaneuf for Hooking.
16:48 of 2nd period - Nicklas Backstrom wins face-off versus Zack Smith in BlackHawks zone.
16:55 of 2nd period - Shot by Roman Josi.
16:55 of 2nd period - Shot Blocked by Zack Smith.
16:57 of 2nd period - Shot by Zach Bogosian.
16:57 of 2nd period - Shot Misses the Net.
16:59 of 2nd period - Shot by Zach Bogosian.
16:59 of 2nd period - Stopped by Eddie Lack without a rebound.
17:00 of 2nd period - Nicklas Backstrom wins face-off versus Lars Eller in BlackHawks zone.
17:03 of 2nd period - Shot by Zach Bogosian.
17:03 of 2nd period - Shot Misses the Net.
17:34 of 2nd period - Shot by Max Pacioretty.
17:34 of 2nd period - Shot Misses the Net.
17:36 of 2nd period - Shot by Roman Josi.
17:36 of 2nd period - Shot Misses the Net.
17:38 of 2nd period - Shot by Steven Stamkos.
17:38 of 2nd period - Stopped by Eddie Lack without a rebound.
17:39 of 2nd period - Lars Eller wins face-off versus Valtteri Filppula in BlackHawks zone.
18:19 of 2nd period - Shot by Valtteri Filppula.
18:19 of 2nd period - Shot Misses the Net.
18:36 of 2nd period - Icing by Nicklas Backstrom.
18:37 of 2nd period - Lars Eller wins face-off versus Nicklas Backstrom in Predators zone.
18:46 of 2nd period - Icing by Roman Josi.
18:47 of 2nd period - Patrik Berglund wins face-off versus Alex Galchenyuk in Predators zone.
18:47 of 2nd period - Patrik Berglund is hit by Chris Stewart.
19:08 of 2nd period - Shot by Dion Phaneuf.
19:08 of 2nd period - Stopped by Anton Khudobin without a rebound.
19:09 of 2nd period - Nicklas Backstrom wins face-off versus Nathan Horton in Predators zone.
19:39 of 2nd period - Cody Franson is hit by Patrick Bordeleau and loses puck.
19:49 of 2nd period - Icing by Luke Schenn.
19:50 of 2nd period - Nathan Horton wins face-off versus Steven Stamkos in BlackHawks zone.
19:59 of 2nd period - Shot by Nathan Horton.
19:59 of 2nd period - Stopped by Anton Khudobin with a rebound.
Goals for this period are 1 for Predators vs 2 for BlackHawks.
Shots for this period are 9 for Predators vs 14 for BlackHawks.

3rd period


0:01 of 3rd period - Steven Stamkos wins face-off versus Chris Stewart in neutral zone.
0:12 of 3rd period - Shot by Steven Stamkos.
0:12 of 3rd period - Shot Blocked by Dion Phaneuf.
0:14 of 3rd period - Shot by Zach Bogosian.
0:14 of 3rd period - Shot Misses the Net.
0:16 of 3rd period - Shot by T.J. Oshie.
0:16 of 3rd period - Deflect By Steven Stamkos.
0:16 of 3rd period - Stopped by Eddie Lack without a rebound.
0:17 of 3rd period - Zack Smith wins face-off versus Casey Cizikas in BlackHawks zone.
0:24 of 3rd period - Icing by Anton Stralman.
0:25 of 3rd period - Casey Cizikas wins face-off versus Lars Eller in Predators zone.
0:25 of 3rd period - Casey Cizikas is hit by Chris Stewart.
0:35 of 3rd period - Icing by Anton Stralman.
0:36 of 3rd period - Casey Cizikas wins face-off versus David Clarkson in Predators zone.
0:45 of 3rd period - Shot by Valtteri Filppula.
0:45 of 3rd period - Stopped by Eddie Lack with a rebound.
0:47 of 3rd period - Shot by Jordie Benn.
0:47 of 3rd period - Stopped by Eddie Lack without a rebound.
0:48 of 3rd period - Steven Stamkos wins face-off versus Lars Eller in BlackHawks zone.
1:05 of 3rd period - Shot by Lars Eller.
1:05 of 3rd period - Stopped by Anton Khudobin without a rebound.
1:06 of 3rd period - Nicklas Backstrom wins face-off versus Zack Smith in Predators zone.
1:06 of 3rd period - Nicklas Backstrom is hit by Zack Smith.
1:20 of 3rd period - Shot by Douglas Murray.
1:20 of 3rd period - Stopped by Anton Khudobin without a rebound.
1:20 of 3rd period - Minor Penalty to Anton Khudobin for Slashing.
1:21 of 3rd period - Casey Cizikas wins face-off versus Lars Eller in Predators zone.
1:55 of 3rd period - Shot by Dwight King.
1:55 of 3rd period - Stopped by Anton Khudobin with a rebound.
2:31 of 3rd period - Shot by Chris Stewart.
2:31 of 3rd period - Shot Misses the Net.
2:33 of 3rd period - Shot by Douglas Murray.
2:33 of 3rd period - Shot Misses the Net.
2:35 of 3rd period - Shot by Brandon Bollig.
2:35 of 3rd period - Shot Misses the Net.
2:37 of 3rd period - Shot by Douglas Murray.
2:37 of 3rd period - Stopped by Anton Khudobin without a rebound.
2:38 of 3rd period - Artem Anisimov wins face-off versus Alex Galchenyuk in Predators zone.
2:38 of 3rd period - Artem Anisimov is hit by Brandon Bollig.
3:20 of 3rd period - Zach Bogosian is hit by David Clarkson and loses puck.
3:28 of 3rd period - Anton Stralman is hit by Luke Schenn.
3:31 of 3rd period - Minor Penalty to Luke Schenn for Boarding.
3:32 of 3rd period - Max Pacioretty wins face-off versus Zack Smith in BlackHawks zone.
3:36 of 3rd period - Steven Stamkos is hit by Dion Phaneuf and loses puck.
4:14 of 3rd period - Shot by Max Pacioretty.
4:14 of 3rd period - Stopped by Eddie Lack without a rebound.
4:15 of 3rd period - Zack Smith wins face-off versus Valtteri Filppula in BlackHawks zone.
4:15 of 3rd period - Zack Smith is hit by T.J. Oshie.
4:42 of 3rd period - Minor Penalty to Dion Phaneuf for Delaying the game.
4:43 of 3rd period - Nicklas Backstrom wins face-off versus Lars Eller in BlackHawks zone.
4:53 of 3rd period - Nicklas Backstrom is hit by Douglas Murray and loses puck.
5:36 of 3rd period - Shot by Zack Smith.
5:36 of 3rd period - Deflect By Alex Galchenyuk.
5:36 of 3rd period - Stopped by Anton Khudobin without a rebound.
5:37 of 3rd period - Zack Smith wins face-off versus Valtteri Filppula in Predators zone.
5:46 of 3rd period - Shot by Valtteri Filppula.
5:46 of 3rd period - Shot Misses the Net.
5:48 of 3rd period - Shot by T.J. Oshie.
5:48 of 3rd period - Shot Misses the Net.
5:50 of 3rd period - Shot by Anton Stralman.
5:50 of 3rd period - Shot Blocked by Matt Greene.
5:52 of 3rd period - Shot by Jaden Schwartz.
5:52 of 3rd period - Shot Blocked by Brandon Bollig.
6:16 of 3rd period - Shot by T.J. Oshie.
6:16 of 3rd period - Stopped by Eddie Lack without a rebound.
6:17 of 3rd period - Lars Eller wins face-off versus Nicklas Backstrom in BlackHawks zone.
6:30 of 3rd period - Shot by Zach Bogosian.
6:30 of 3rd period - Shot Misses the Net.
6:32 of 3rd period - Shot by Zach Bogosian.
6:32 of 3rd period - Shot Misses the Net.
6:34 of 3rd period - Shot by Roman Josi.
6:34 of 3rd period - Shot Misses the Net.
6:36 of 3rd period - Shot by Steven Stamkos.
6:36 of 3rd period - Shot Misses the Net.
6:38 of 3rd period - Shot by Zach Bogosian.
6:38 of 3rd period - Stopped by Eddie Lack without a rebound.
6:39 of 3rd period - Valtteri Filppula wins face-off versus Zack Smith in BlackHawks zone.
6:48 of 3rd period - Shot by Justin Abdelkader.
6:48 of 3rd period - Stopped by Eddie Lack without a rebound.
6:49 of 3rd period - Casey Cizikas wins face-off versus Lars Eller in BlackHawks zone.
7:06 of 3rd period - Shot by Derick Brassard.
7:06 of 3rd period - Shot Misses the Net.
7:24 of 3rd period - Shot by Roman Josi.
7:24 of 3rd period - Stopped by Eddie Lack without a rebound.
7:25 of 3rd period - T.J. Oshie wins face-off versus Nathan Horton in BlackHawks zone.
7:34 of 3rd period - Shot by Artem Anisimov.
7:34 of 3rd period - Shot Blocked by Brian McGrattan.
7:36 of 3rd period - Shot by Zach Bogosian.
7:36 of 3rd period - Stopped by Eddie Lack without a rebound.
7:37 of 3rd period - Nicklas Backstrom wins face-off versus Zack Smith in BlackHawks zone.
7:42 of 3rd period - Shot by Max Pacioretty.
7:42 of 3rd period - Stopped by Eddie Lack without a rebound.
7:43 of 3rd period - Lars Eller wins face-off versus Steven Stamkos in BlackHawks zone.
7:47 of 3rd period - Icing by Jarred Tinordi.
7:48 of 3rd period - Artem Anisimov wins face-off versus Lars Eller in BlackHawks zone.
7:48 of 3rd period - Artem Anisimov is hit by Dion Phaneuf.
8:20 of 3rd period - Shot by Jarred Tinordi.
8:20 of 3rd period - Stopped by Anton Khudobin without a rebound.
8:21 of 3rd period - Nathan Horton wins face-off versus Max Pacioretty in Predators zone.
8:40 of 3rd period - Shot by Jaden Schwartz.
8:40 of 3rd period - Shot Misses the Net.
8:42 of 3rd period - Shot by Roman Josi.
8:42 of 3rd period - Stopped by Eddie Lack without a rebound.
8:43 of 3rd period - Casey Cizikas wins face-off versus Jared Boll in BlackHawks zone.
8:51 of 3rd period - Shot by Derick Brassard.
8:51 of 3rd period - Stopped by Eddie Lack without a rebound.
8:52 of 3rd period - Artem Anisimov wins face-off versus Lars Eller in BlackHawks zone.
9:02 of 3rd period - T.J. Oshie is hit by Dion Phaneuf and loses puck.
9:10 of 3rd period - Off-side.
9:11 of 3rd period - Nathan Horton wins face-off versus Nicklas Backstrom in neutral zone.
9:50 of 3rd period - Shot by Nicklas Backstrom.
9:50 of 3rd period - Stopped by Eddie Lack without a rebound.
9:51 of 3rd period - Steven Stamkos wins face-off versus Lars Eller in BlackHawks zone.
9:52 of 3rd period - Shot by T.J. Oshie.
9:52 of 3rd period - Stopped by Eddie Lack without a rebound.
9:53 of 3rd period - Steven Stamkos wins face-off versus Lars Eller in BlackHawks zone.
10:01 of 3rd period - Icing by Alex Galchenyuk.
10:02 of 3rd period - Steven Stamkos wins face-off versus Lars Eller in BlackHawks zone.
10:21 of 3rd period - Shot by T.J. Oshie.
10:21 of 3rd period - Stopped by Eddie Lack without a rebound.
10:22 of 3rd period - Zack Smith wins face-off versus Jaden Schwartz in BlackHawks zone.
10:42 of 3rd period - Shot by Max Pacioretty.
10:42 of 3rd period - Shot Misses the Net.
10:48 of 3rd period - Shot by Nicklas Backstrom.
10:48 of 3rd period - Stopped by Eddie Lack without a rebound.
10:49 of 3rd period - Casey Cizikas wins face-off versus Lars Eller in BlackHawks zone.
10:49 of 3rd period - Casey Cizikas is hit by Dion Phaneuf.
11:23 of 3rd period - Shot by Alex Galchenyuk.
11:23 of 3rd period - Shot Misses the Net.
11:58 of 3rd period - Roman Josi is hit by David Clarkson and loses puck.
12:18 of 3rd period - Cody Franson is hit by Luke Schenn and loses puck.
12:44 of 3rd period - Icing by Douglas Murray.
12:45 of 3rd period - Nicklas Backstrom wins face-off versus Nathan Horton in BlackHawks zone.
12:53 of 3rd period - Shot by Nicklas Backstrom.
12:53 of 3rd period - Shot Misses the Net.
12:55 of 3rd period - Shot by Nicklas Backstrom.
12:55 of 3rd period - Shot Blocked by Matt Greene.
12:57 of 3rd period - Shot by Jordie Benn.
12:57 of 3rd period - Shot Blocked by Douglas Murray.
12:59 of 3rd period - Shot by Jaden Schwartz.
12:59 of 3rd period - Shot Misses the Net.
13:24 of 3rd period - Max Pacioretty is hit by Matt Greene and loses puck.
13:49 of 3rd period - Minor Penalty to Dion Phaneuf for Cross-checking.
13:50 of 3rd period - Valtteri Filppula wins face-off versus Zack Smith in BlackHawks zone.
13:51 of 3rd period - Shot by Roman Josi.
13:51 of 3rd period - Stopped by Eddie Lack without a rebound.
13:52 of 3rd period - Zack Smith wins face-off versus Jaden Schwartz in BlackHawks zone.
13:52 of 3rd period - Zack Smith is hit by T.J. Oshie.
14:04 of 3rd period - Valtteri Filppula is hit by Brandon Bollig and loses puck.
14:27 of 3rd period - Shot by Roman Josi.
14:27 of 3rd period - Stopped by Eddie Lack without a rebound.
14:28 of 3rd period - Nicklas Backstrom wins face-off versus Lars Eller in BlackHawks zone.
14:39 of 3rd period - Shot by Anton Stralman.
14:39 of 3rd period - Stopped by Eddie Lack with a rebound.
14:41 of 3rd period - Shot by Max Pacioretty.
14:41 of 3rd period - Shot Misses the Net.
14:48 of 3rd period - Shot by Artem Anisimov.
14:48 of 3rd period - Deflect By Steven Stamkos.
14:48 of 3rd period - Shot Misses the Net.
14:50 of 3rd period - Shot by Max Pacioretty.
14:50 of 3rd period - Stopped by Eddie Lack without a rebound.
14:51 of 3rd period - Valtteri Filppula wins face-off versus Zack Smith in BlackHawks zone.
15:00 of 3rd period - Shot by Roman Josi.
15:00 of 3rd period - Shot Blocked by Jarred Tinordi.
15:13 of 3rd period - Minor Penalty to Brandon Bollig for Holding.
15:14 of 3rd period - Nicklas Backstrom wins face-off versus Lars Eller in BlackHawks zone.
16:53 of 3rd period - Minor Penalty to Lars Eller for Holding.
16:54 of 3rd period - Nicklas Backstrom wins face-off versus Alexei Emelin in BlackHawks zone.
18:08 of 3rd period - Off-side.
18:09 of 3rd period - Valtteri Filppula wins face-off versus Alex Galchenyuk in neutral zone.
18:25 of 3rd period - Shot by Roman Josi.
18:25 of 3rd period - Shot Misses the Net.
18:37 of 3rd period - Shot by Roman Josi.
18:37 of 3rd period - Shot Misses the Net.
18:39 of 3rd period - Shot by T.J. Oshie.
18:39 of 3rd period - Shot Misses the Net.
18:41 of 3rd period - Shot by Roman Josi.
18:41 of 3rd period - Stopped by Eddie Lack with a rebound.
18:54 of 3rd period - Derick Brassard is hit by Dion Phaneuf and loses puck.
19:15 of 3rd period - Shot by Justin Abdelkader.
19:15 of 3rd period - Deflect By Patrik Berglund.
19:15 of 3rd period - Shot Blocked by Dion Phaneuf.
19:17 of 3rd period - Shot by Justin Abdelkader.
19:17 of 3rd period - Stopped by Eddie Lack with a rebound.
19:28 of 3rd period - Justin Abdelkader is hit by Dion Phaneuf and loses puck.
Goals for this period are 0 for Predators vs 0 for BlackHawks.
Shots for this period are 22 for Predators vs 6 for BlackHawks.


Output by the SimonT Hockey Simulator (STHS) for Stephane Roy -- Original Page W3C XHTML 1.0 Valid
Hockey Simulator - Hockey Simulation - Hockey Manager